Map: Pylon LE

Players

Remarcable (uThermal)

  • Race: Terran Terran
  • League: Grandmaster
  • Spawn Location: 11:00

STZsOs (sOs) - Winner!

  • Race: Protoss Protoss
  • League: Master
  • Spawn Location: 5:00

Event: HomeStory Cup XXVII

VOD

Have the link to the VOD?

Description

Time

  • Played on: June 29, 2025, 6:49 a.m.
  • Length: 19:22

All games in this series

Show
View Real Time Build Order
Export as new Build Order

Remarcable Terran 

Build Orders:  

Get SALT Encoding   

  12  0:00  SCV  
  13  0:12  SCV  
  14  0:17  Supply Depot  
  14  0:24  SCV  
  14  0:27  Refinery  
  15  0:38  SCV  
  16  0:43  Barracks  
  16  0:50  SCV  
  17  1:02  SCV  
  18  1:14  SCV  
  19  1:30  Marine, Factory  
  19  1:31  Orbital Command  
  20  1:55  Barracks Reactor  
  20  1:56  Command Center  
  20  2:06  Supply Depot, SCV  
  21  2:18  SCV  
  22  2:29  Supply Depot  
  22  2:31  SCV  
  22  2:34  Hellion x2  
  22  2:35  Refinery  
  27  2:43  SCV  
  28  2:55  SCV  
  28  2:56  Hellion x2  
  32  3:07  SCV  
  33  3:13  Starport  
  33  3:18  Widow Mine x2  
  33  3:19  SCV  
  37  3:27  Barracks Tech Lab  
  37  3:29  Orbital Command  
  37  3:31  SCV  
  38  3:40  Widow Mine x2  
  40  3:43  SCV  
  41  3:49  Medivac  
  42  3:55  SCV x2  
  42  4:02  Stimpack, Marine  
  42  4:07  Bunker, SCV  
  42  4:08  SCV  
  44  4:12  Barracks  
  44  4:22  Marauder  
  44  4:23  Factory Tech Lab  
  46  4:26  Barracks  
  46  4:28  Starport Tech Lab  
  46  4:29  SCV  
  46  4:31  SCV  
  48  4:46  SCV x2  
  48  4:50  Marauder  
  48  4:52  Siege Tank  
  53  4:58  SCV x2  
  51  5:00  Starport Reactor  
  51  5:06  Marine  
  50  5:08  Marine  
  50  5:10  SCV  
  50  5:11  Marine  
  50  5:12  Refinery, Engineering Bay  
  50  5:13  Supply Depot, SCV  
  54  5:21  Supply Depot  
  54  5:22  Combat Shield  
  54  5:26  Supply Depot  
  54  5:30  Supply Depot  
  54  5:34  Marine x3, SCV x2  
  54  5:35  Supply Depot  
  59  5:38  Siege Tank  
  62  5:44  Marine  
  62  5:48  Supply Depot, SCV  
  64  5:55  SCV  
  65  5:58  Medivac x2  
  65  5:59  Marine  
  65  6:00  SCV  
  65  6:03  Marauder  
  73  6:04  Marine  
  73  6:05  Marine  
  73  6:08  SCV  
  76  6:12  SCV  
  76  6:16  Refinery  
  76  6:17  Marine  
  78  6:21  SCV  
  78  6:22  Marine  
  78  6:24  Marauder, Marine  
  83  6:27  SCV  
  84  6:33  SCV  
  84  6:38  Command Center  
  84  6:39  SCV  
  86  6:43  Marauder, Barracks  
  86  6:45  Marauder, Marine, SCV  
  86  6:46  Barracks  
  92  6:47  Concussive Shells  
  92  6:49  Factory Tech Lab  
  92  6:53  Missile Turret  
  92  6:55  Medivac  
  92  6:57  Missile Turret, Medivac  
  92  6:58  Marine  
  97  7:03  SCV  
  97  7:04  Marauder, Supply Depot, SCV  
  101  7:11  Supply Depot, Marine  
  102  7:22  Supply Depot  
  102  7:25  Marine, SCV x2  
  102  7:26  Marauder, Widow Mine  
  109  7:35  Marine  
  109  7:36  Marauder  
  110  7:37  SCV  
  110  7:38  SCV  
  110  7:39  Medivac x2  
  110  7:43  Terran Infantry Armor Level 1  
  113  7:50  SCV x2  
  111  8:04  SCV  
  111  8:05  Marine x2, SCV  
  111  8:06  Marauder x3, Marine  
  111  8:09  Medivac x2  
  122  8:17  SCV  
  123  8:20  Supply Depot  
  123  8:21  Factory Reactor  
  123  8:23  Marine x2  
  123  8:24  Marauder, SCV  
  123  8:25  Bunker  
  123  8:26  Bunker  
  128  8:29  Marine  
  128  8:30  Supply Depot  
  128  8:32  Orbital Command  
  129  8:34  SCV  
  129  8:37  Marine  
  129  8:38  Marauder  
  129  8:41  Marine x2  
  133  8:43  SCV  
  133  8:45  Marauder  
  133  8:47  Medivac  
  133  8:48  Medivac  
  142  8:50  Supply Depot, Marine  
  142  8:55  Marine  
  144  8:59  Marauder, Marine x2  
  148  9:06  SCV  
  148  9:07  Marauder  
  148  9:09  Marauder  
  149  9:13  Marine  
  149  9:15  Command Center  
  149  9:16  Supply Depot  
  150  9:19  Medivac  
  150  9:20  Starport, Medivac  
  150  9:21  Marine  
  150  9:22  Marine  
  156  9:26  Marine  
  156  9:28  Marauder  
  156  9:30  Marine  
  156  9:31  Supply Depot, SCV x2  
  161  9:37  Supply Depot  
  162  9:40  Armory  
  162  9:43  Engineering Bay  
  162  9:44  Marauder, Marine  
  164  9:49  Marine  
  164  9:50  Marauder  
  167  9:55  Marine  
  167  9:56  Marauder, Medivac x2  
  174  10:03  Viking x2  
  174  10:10  Marine  
  174  10:11  Ghost Academy  
  174  10:13  Marine  
  176  10:16  Marine  
  176  10:17  Marauder  
  179  10:26  Viking  
  179  10:28  Marine  
  170  10:33  Viking  
  170  10:34  Marauder, Marine  
  171  10:36  Viking  
  171  10:40  Viking  
  176  10:44  Ghost x2  
  176  10:47  Ghost, SCV  
  180  10:56  SCV  
  181  11:00  Viking  
  181  11:03  Supply Depot  
  183  11:05  Refinery, SCV  
  183  11:06  Refinery, SCV  
  183  11:07  Barracks  
  183  11:08  Barracks  
  183  11:09  Barracks  
  185  11:12  Ghost, Marine  
  185  11:13  Marine  
  185  11:14  SCV  
  185  11:17  SCV  
  192  11:19  Viking  
  192  11:22  Viking  
  196  11:29  SCV  
  197  11:34  Planetary Fortress  
  197  11:38  Marauder, Marine  
  200  11:57  Marine  
  200  11:58  Marauder  
  200  11:59  Marauder, Marine  
  194  12:02  Marine  
  194  12:03  Marauder  
  190  12:11  Viking x2  
  190  12:15  Marine  
  173  12:16  Marine  
  173  12:19  Marauder  
  173  12:20  Marine  
  173  12:21  Marauder  
  165  12:24  Marauder  
  165  12:25  Barracks Tech Lab x2  
  165  12:26  Barracks Tech Lab  
  165  12:29  SCV x2  
  169  12:30  Command Center  
  169  12:33  Marine  
  169  12:34  Terran Infantry Armor Level 2, Marine, Terran Infantry Weapons Level 1  
  169  12:35  SCV  
  172  12:39  Marauder  
  172  12:41  Marauder, Marine  
  177  12:44  Viking x2  
  177  12:45  Factory Reactor, Marine  
  177  12:51  Marine  
  182  12:53  Marauder, Marine  
  182  12:54  Marine  
  182  12:55  Marauder  
  188  13:00  Marauder x2  
  188  13:02  Marine  
  188  13:04  Marauder  
  192  13:09  Marine  
  192  13:10  Marine  
  178  13:12  Marauder  
  178  13:15  Marauder, Marine  
  171  13:20  Marauder  
  171  13:21  Marauder, Marine  
  171  13:25  Marauder  
  171  13:26  Marine  
  178  13:28  Marine  
  178  13:34  Marauder x2  
  183  13:35  Marine  
  183  13:39  Marauder  
  183  13:41  Marine  
  185  13:43  Marauder  
  185  13:45  Marine  
  185  13:46  Marauder, Marine  
  190  13:53  Marine  
  190  13:55  Marauder  
  192  14:09  Marine  
  179  14:10  Marauder  
  181  14:17  Marauder, Marine  
  181  14:21  Marauder, Marine  
  186  14:27  Marauder, Marine x2  
  181  14:31  Marauder  
  181  14:33  Marine  
  181  14:35  Marine  
  172  14:39  Marauder x2, Medivac  
  172  14:40  Medivac  
  172  14:43  Marauder  
  172  14:44  Marine  
  168  14:45  Marauder  
  168  14:48  Marine  
  168  14:50  Medivac x2  
  168  14:51  Marine  
  172  14:53  Marauder, Marine  
  157  15:00  Marauder, Marine  
  157  15:03  Marauder, Ghost  
  157  15:05  Ghost  
  157  15:06  Marine  
  165  15:08  Marine  
  165  15:09  Viking  
  165  15:10  Marine  
  166  15:14  Marauder  
  166  15:17  Medivac  
  166  15:18  Marauder  
  166  15:20  Medivac  
  170  15:22  Marauder  
  170  15:24  Marine  
  170  15:25  Marauder  
  170  15:26  Marine  
  170  15:28  Marine, Planetary Fortress  
  174  15:33  Marauder, Refinery, SCV x2  
  174  15:34  Refinery  
  174  15:35  Marauder, Marine  
  180  15:39  Marine  
  180  15:41  Marine  
  182  15:43  Marauder  
  182  15:44  Marine, Medivac  
  182  15:46  Marauder, Marine  
  190  15:53  Marine  
  190  15:54  Marauder  
  190  15:56  Marine  
  188  15:58  Marauder  
  188  16:00  Marauder  
  188  16:01  Viking  
  188  16:02  Marine  
  193  16:04  Marine  
  193  16:07  Marauder  
  193  16:10  Viking  
  180  16:12  Marauder, Marine  
  180  16:14  Marauder  
  180  16:15  Marine, Widow Mine  
  180  16:19  Marine  
  180  16:21  Marauder  
  116  17:18  Marine  
  110  17:42  Marauder  
  110  17:43  Marine x3  
  110  17:49  Refinery x2, Supply Depot  
  110  17:52  Supply Depot  
  110  17:57  Supply Depot  
  110  18:01  Marine  
  110  18:02  Marauder  
  110  18:11  Marauder, Viking, Widow Mine x2  
  110  18:12  Marine x2  
  117  18:13  Marauder x2  
  117  18:18  Marine  
  120  18:23  Marine x2  
  120  18:24  Marauder  
  110  18:31  Marauder  
  110  18:33  Marauder, Widow Mine  
  117  18:34  Marine  
  109  18:55  Widow Mine  
Show
View Real Time Build Order
Export as new Build Order

STZsOs Protoss - Winner!

Build Orders: 1 Gate Expand, Colossus Rush 

Get SALT Encoding   

  12  0:00  Probe  
  13  0:12  Probe  
  14  0:16  Pylon  
  14  0:23  Probe  
  15  0:31  Probe  
  16  0:36  Gateway  
  16  0:39  Probe  
  16  0:47  Assimilator  
  17  0:51  Probe  
  18  1:03  Probe  
  19  1:15  Probe  
  20  1:23  Cybernetics Core  
  20  1:31  Nexus  
  20  1:33  Probe  
  21  1:42  Pylon  
  21  1:47  Pylon  
  21  1:49  Probe  
  22  1:55  Adept  
  22  1:56  Assimilator  
  22  2:02  Warp Gate  
  22  2:04  Probe  
  25  2:15  Adept  
  25  2:16  Probe  
  26  2:28  Probe  
  29  2:39  Robotics Facility  
  29  2:41  Probe  
  29  2:42  Stalker  
  29  2:43  Probe  
  33  2:53  Probe  
  33  2:55  Probe  
  35  3:05  Probe  
  36  3:07  Probe  
  36  3:12  Stalker  
  35  3:17  Probe  
  35  3:19  Probe  
  39  3:22  Shield Battery x2  
  39  3:27  Observer  
  39  3:29  Probe  
  39  3:32  Gateway, Probe  
  39  3:33  Stalker  
  42  3:41  Probe  
  39  3:57  Probe x2  
  39  4:00  Observer  
  40  4:06  Probe  
  41  4:10  Pylon, Probe  
  41  4:14  Probe  
  41  4:15  Stalker  
  44  4:18  Probe  
  46  4:29  Immortal  
  46  4:30  Probe  
  50  4:34  Probe, Stalker  
  54  4:52  Assimilator  
  54  4:54  Robotics Bay  
  54  5:16  Pylon  
  54  5:20  Pylon, Assimilator  
  54  5:27  Colossus  
  54  5:30  Probe x2  
  54  5:34  Forge  
  58  5:39  Probe x2  
  57  5:45  Extended Thermal Lance  
  57  5:49  Probe x2  
  65  6:01  Probe x2  
  67  6:06  Observer  
  67  6:07  Gateway  
  67  6:13  Protoss Ground Weapons Level 1, Probe x2  
  69  6:20  Pylon  
  69  6:21  Gateway  
  69  6:23  Colossus  
  69  6:26  Pylon  
  69  6:29  Photon Cannon  
  69  6:32  Gateway  
  69  6:33  Gateway  
  75  6:43  Sentry  
  77  6:49  Sentry  
  79  6:54  Photon Cannon  
  79  7:00  Probe x2  
  79  7:01  Pylon  
  81  7:03  Observer  
  81  7:11  Twilight Council  
  81  7:13  Pylon  
  81  7:14  Colossus  
  81  7:20  Nexus  
  87  7:38  Zealot x4  
  87  7:39  Probe  
  94  7:45  Charge  
  94  7:47  Observer  
  94  7:51  Shield Battery  
  94  7:52  Protoss Ground Weapons Level 2  
  94  7:56  Nexus  
  90  8:02  Sentry  
  90  8:03  Zealot x5  
  100  8:12  Observer  
  100  8:18  Pylon  
  100  8:22  Templar Archives  
  100  8:25  Pylon  
  100  8:34  Probe x2  
  100  8:35  Colossus  
  100  8:39  Zealot  
  110  8:43  Pylon  
  110  8:55  Zealot x4  
  118  9:04  Probe x2  
  118  9:07  Pylon  
  118  9:08  Pylon  
  118  9:16  Probe  
  119  9:19  Blink  
  119  9:20  Gateway  
  119  9:21  Forge  
  119  9:32  Observer, High Templar x4  
  119  9:33  Protoss Ground Armor Level 1, Zealot x2  
  119  9:37  Archon x2  
  131  9:50  Nexus  
  131  9:51  Colossus, Pylon  
  134  10:02  Probe x3  
  137  10:10  Protoss Ground Weapons Level 3  
  137  10:11  Zealot  
  137  10:12  Zealot x5  
  147  10:19  Probe  
  141  10:31  Observer, Probe x3  
  142  10:37  Observer  
  142  10:43  Probe, Photon Cannon  
  142  10:44  Shield Battery, Zealot x4  
  142  10:45  Zealot  
  152  10:56  Zealot  
  152  11:00  Gateway  
  152  11:03  Probe x3  
  155  11:04  Photon Cannon  
  155  11:05  Probe  
  155  11:07  Gateway  
  155  11:09  Colossus  
  162  11:15  Probe  
  163  11:20  Protoss Ground Armor Level 2  
  163  11:25  Sentry  
  163  11:26  Stalker x5  
  163  11:31  Stalker  
  177  11:38  Pylon  
  173  11:52  Gateway  
  173  11:54  Gateway  
  173  11:55  Zealot x3  
  173  11:58  Probe  
  180  12:06  Stalker x5  
  173  12:08  Probe  
  173  12:15  Zealot x3  
  158  12:17  Colossus  
  158  12:20  Probe  
  148  12:26  Zealot  
  156  12:31  Zealot x4  
  156  12:32  Probe  
  156  12:35  Zealot  
  156  12:36  Zealot  
  169  12:37  Zealot  
  169  12:54  Zealot x7  
  179  13:02  Pylon  
  179  13:08  Observer  
  169  13:16  Nexus  
  155  13:20  Zealot x7  
  155  13:23  Protoss Shields Level 1  
  171  13:28  Zealot x4  
  173  13:42  Colossus  
  173  13:45  Probe  
  173  13:46  Probe x3  
  181  13:51  High Templar x2, Zealot  
  181  13:52  Zealot x2  
  181  13:54  Shield Battery  
  191  13:55  Archon  
  184  14:14  Zealot x6  
  196  14:23  Pylon  
  196  14:28  Probe  
  196  14:30  Zealot x2  
  193  14:34  Probe  
  181  14:41  Probe, Stalker  
  181  14:42  Stalker x6  
  181  14:45  Colossus  
  188  14:57  Probe  
  188  14:58  Probe  
  188  14:59  Zealot x2  
  190  15:05  Zealot x5  
  190  15:06  Probe x2  
  193  15:11  Probe  
  190  15:17  Zealot x2  
  194  15:25  Observer  
  194  15:40  Pylon  
  194  15:46  Pylon  
  194  16:04  Zealot x6  
  188  16:11  Zealot x3  
  188  16:12  Zealot  
  174  16:35  Stalker x2  
  156  17:14  Pylon  
  153  17:17  Pylon  
  153  17:20  Pylon  
  153  17:21  Pylon  
  153  17:25  Pylon  
  153  17:36  Pylon  
  153  17:38  Colossus  
  153  17:40  Pylon  
  153  17:44  Pylon  
  153  17:50  Gateway  
  153  17:52  Gateway  
  153  17:53  Pylon  
  153  17:55  Pylon  
  153  17:57  Pylon  
  153  17:59  Pylon  
  153  18:00  Pylon  
  147  18:08  Pylon  
  147  18:11  Probe  
  147  18:12  Pylon  
  148  18:19  Pylon  
  148  18:28  Zealot  
  148  18:29  Zealot x7  
  162  18:50  Sentry, Zealot  
  162  18:51  Zealot x7  
Tags
 
Add a new tag
Caveats
  • Supply blocks, unpowered buildings, or Contaminate may cause inaccurate times.
  • Supply counts are checked every 10 seconds.